AoeStats
← ani_rud

Arena

509313359Analyzed
2v2 RM · 6d ago on Sep 26, 2026· 27m 25s· 4 players
Game mode
Random Map
Map size
Medium (4 player)
Population
200
Speed
Normal
Resources
Standard
Victory
Conquest
Starting age
Dark Age
Ending age
Imperial Age
RankedLock teamsTeams togetherTeam positionsShared explorationLock speedFull tech treeHidden civsTurbo modeCheats
Victory
Defeat
🇷🇴 Gurjaras · Romania
1032
+16
🇮🇳 Huns · India
864
+22
🇨🇭 Turks · Switzerland
1045
-20
🇨🇭 Byzantines · Switzerland
1000
-55
ani_rud
11:02 Feudal Age
15:40 Castle Age
13:59 Horse Collar
14:08 Double-Bit Axe
15:37 Gold Mining
15:42 Fletching
16:39 Bow Saw
20:59 Heavy Plow
22:56 Bodkin Arrow
25:55 Stone Mining
27:00 Bloodlines
26:51 Husbandry
Ryu
3:16 Loom
10:37 Feudal Age
11:07 Double-Bit Axe
11:04 Horse Collar
17:34 Castle Age
18:36 Bow Saw
19:47 Gold Mining
20:45 Fletching
20:55 Padded Archer Armor
23:42 Gold Shaft Mining
24:09 Wheelbarrow
23:52 Bodkin Arrow
25:30 Forging
25:43 Ballistics
26:01 Scale Barding Armor
26:29 Leather Archer Armor
26:59 Hand Cart
26:29 Town Watch
27:25 Stone Mining
подлец
11:15 Feudal Age
12:07 Loom
12:08 Horse Collar
13:31 Double-Bit Axe
17:42 Castle Age
17:56 Gold Mining
18:34 Fletching
19:07 Heavy Plow
20:08 Wheelbarrow
21:25 Husbandry
21:47 Padded Archer Armor
23:00 Ballistics
23:32 Bow Saw
25:57 Bodkin Arrow
^ ^6👌BrandMaster2000
11:39 Feudal Age
15:07 Double-Bit Axe
17:39 Forging
25:03 Castle Age
24:26 Scale Mail Armor
25:12 Pikeman
Connection lost

Rejoining the realm…

Still unreachable

The connection could not be restored.

Session expired

The server has moved on; the page needs a fresh start.